 Dungeon Crawl Stone Soup version 0.21-b1-21-g86478ac299 (webtiles) character file.

7564 Kalmarka777 the Dealer of Despair (level 11, -13/82 (83) HPs)
             Began as a Ghoul Necromancer on Jan 4, 2018.
             Was an Elder of Kikubaaqudgha.
             Mangled by a skeletal warrior
             ... wielding a +0 dire flail
             ... led by a skeletal warrior
              (30 damage)
             ... on level 11 of the Dungeon.
             The game lasted 00:54:17 (14114 turns).

Kalmarka777 the Dealer of Despair (GhNe)           Turns: 14114, Time: 00:54:18

HP:   -13/82 (83)   AC:  5    Str: 11 (13) XL:     11   Next: 17%
MP:   19/21         EV: 14    Int: 13      God:    Kikubaaqudgha [****..]
Gold: 483           SH:  0    Dex: 11 (12) Spells: 5/25 levels left

rFire    . . .     SeeInvis .   u - +6 flail (distort)
rCold    + + .     Gourm    .   (no shield)
rNeg     + + +     Faith    .   a - +0 robe
rPois    ∞         Spirit   .   (no helmet)
rElec    .         Reflect  .   (no cloak)
rCorr    .         Harm     .   (no gloves)
MR       .....                  s - +2 pair of boots
Stlth    ++........             (no amulet)
HPRegen  0.00/turn              n - ring of protection from cold
MPRegen  0.17/turn              m - +3 ring of dexterity

@: regenerating (expiring), rotting, slowed, very slow
A: rotting body, claws 1, carnivore, cold resistance 1, negative energy
resistance 3, inhibited regeneration, torment resistance, unbreathing
a: Receive Corpses, Renounce Religion


You were on level 11 of the Dungeon.
You worshipped Kikubaaqudgha.
Kikubaaqudgha was greatly pleased with you.
You were not hungry.

You visited 3 branches of the dungeon, and saw 13 of its levels.
You also visited: Sewer.

You collected 483 gold pieces.

Inventory:

Hand Weapons
 u - a +6 flail of distortion (weapon)
Missiles
 e - 3 javelins (quivered)
 E - 82 arrows
Armour
 a - a +0 robe (worn)
 s - a +2 pair of boots (worn)
Jewellery
 m - a +3 ring of dexterity (right claw)
 n - a ring of protection from cold (left claw)
Wands
 y - a wand of flame (48)
 A - a wand of iceblast (9)
Scrolls
 d - 3 scrolls of enchant armour
 f - 8 scrolls of identify
 g - a scroll of fog
 q - 5 scrolls of remove curse
 F - a scroll of enchant weapon
Potions
 h - 5 potions of curing
 i - a potion of agility
 k - a potion of heal wounds
 t - a potion of might
 x - a potion of magic
 z - 2 potions of flight
Books
 o - Kikubaaqudgha's Almanac of Dark Arts
   (Kikubaaqudgha gifted it to you on level 7 of the Dungeon)

   Spells                             Type                      Level
   a - Animate Dead                   Necromancy                   4
   b - Excruciating Wounds            Charms/Necromancy            5
   c - Agony                          Necromancy                   5
   d - Dispel Undead                  Necromancy                   5
   e - Simulacrum                     Ice/Necromancy               6
Comestibles
 c - 19 rations


   Skills:
 + Level 3.6 Fighting
 + Level 1.1 Maces & Flails
 + Level 4.7 Dodging
 - Level 2.2 Stealth
 + Level 7.6 Unarmed Combat
 + Level 7.5 Spellcasting
 + Level 0.8 Charms
 * Level 11.3 Necromancy
 + Level 2.0 Transmutations


You had 5 spell levels left.
You knew the following spells:

 Your Spells              Type           Power        Failure   Level  Hunger
a - Pain                  Necr           ####         1%          1    None
b - Vampiric Draining     Necr           ####......   1%          3    ##.....
c - Regeneration          Chrm/Necr      ###.......   3%          3    ##.....
d - Animate Dead          Necr           N/A          1%          4    ####...
e - Corpse Rot            Necr           N/A          1%          2    #......
f - Borgnjor's Vile Clut  Necr/Erth      ###.......   36%         5    ######.
g - Sticks to Snakes      Tmut           ##......     10%         2    #......


Dungeon Overview and Level Annotations

Branches:
Dungeon (11/15)            Temple (1/1) D:4            Lair (1/6) D:9
    Orc: D:9-12

Altars:
Ashenzari
Cheibriados
Dithmenos
Elyvilon
Fedhas
Gozag
Kikubaaqudgha
Makhleb
Nemelex Xobeh
Qazlal
Ru
Uskayaw
Vehumet
Xom
Yredelemnul
Zin
The Shining One
Beogh

Annotations:
D:9 tehanu's ghost, journeyman GrBe
D:10 Maurice


Innate Abilities, Weirdness & Mutations

Your body is rotting away.
You thrive on raw meat.
You are immune to poison.
You have sharp fingernails.
You are carnivorous and can eat meat at any time.
Your flesh is cold resistant. (rC+)
You are immune to negative energy. (rN+++)
You do not regenerate when monsters are visible.
You are immune to unholy pain and torment.
You can survive without breathing.


Message History

Casting: Animate Dead
Confirm with . or Enter, or press ? or * to list all spells.
Your skin crawls.
The wraith hits you.
* * * LOW HITPOINT WARNING * * *
The wraith drains your vigour!
You feel as though you will be slow longer.
The wraith hits you.
* * * LOW HITPOINT WARNING * * *
The wraith drains your vigour!
You feel as though you will be slow longer.
You sock the wraith!
Space warps horribly around the wraith!
You destroy the wraith!
Kikubaaqudgha accepts your kill.
Your Transmutations skill increases to level 2!
There is a stone staircase leading down here.
Your skin is crawling a little less now.
You climb downwards.
The skeletal warrior hits you with a dire flail!!
You die...
Kikubaaqudgha rasps: "You have failed me!
Welcome... oblivion!"

#.##.##.########## #
#.......# #
#......######## ####
#.##.#.#......# ##...
##.##.#.#......###..>.
#.....#<#......##.....
#....##.#......##.....
#...###.#.......#.....
##...@z.#.......##....
#.######.......###...
#.# #.##.##)# ##.# #.#
#.##.##.# #.# #.#
###.##.##.# #.# #.#
#.........####.#
#.####..............#
#...........#..######
######......#..#


You could see a skeletal warrior.

Vanquished Creatures
  Prince Ribbit (D:5)
  Grinder (D:5)
  A hippogriff (D:9)
  A wyvern (D:8)
  2 wraiths (D:10)
  Sigmund (D:6)
  2 hungry ghosts
  A basilisk (D:11)
  Edmund (D:4)
  2 water moccasins
  6 ice beasts
  2 orc warriors
  4 sky beasts
  3 ogres
  A phantom (D:9)
  4 centaurs
  6 bullfrogs
  A wyvern skeleton (D:7)
  6 scorpions
  4 howler monkeys
  2 crimson imps (D:8)
  2 bullfrog zombies
  A quasit (D:9)
  2 centaur zombies
  4 hounds
  3 orc priests
  A jelly (D:8)
  A bullfrog skeleton (D:5)
  5 iguanas
  A gnoll shaman (D:7)
  Natasha (thrice) (D:4)
  9 orc wizards
  7 worker ants
  3 hound skeletons
  2 worker ant zombies
  7 gnolls
  A howler monkey skeleton (D:5)
  17 adders
  A river rat (D:5)
  2 shadow imps
  14 oozes
  2 adder skeletons
  5 worms
  4 dart slugs
  18 leopard geckos
  41 orcs
  5 ball pythons (Sewer)
  7 bats
  15 giant cockroaches
  6 goblins
  5 hobgoblins
  11 jackals
  3 quokkas
  26 frilled lizards
  9 kobolds
  2 quokka skeletons
  A quokka zombie (D:7)
  12 rats
310 creatures vanquished.

Vanquished Creatures (collateral kills)
  Josephine (D:10)
  A two-headed ogre (D:8)
  Eustachio (D:5)
  A hungry ghost (D:9)
  An ice beast (D:6)
  A centaur zombie (D:8)
  A worker ant (D:7)
  2 adders (D:8)
  A shadow imp (D:7)
  A worm (D:5)
  8 orcs
  A giant cockroach (D:4)
  A jackal (D:7)
21 creatures vanquished.

Vanquished Creatures (others)
  A wraith (D:10)
1 creature vanquished.

Grand Total: 332 creatures vanquished

Notes
Turn   | Place    | Note
-------+----------+-------------------------------------------
     0 | D:1      | Kalmarka777 the Ghoul Necromancer began the quest for the Orb.
     0 | D:1      | Reached XP level 1. HP: 14/14 MP: 2/2
    66 | D:1      | Reached XP level 2. HP: 8/20 MP: 0/3
   527 | D:1      | Reached XP level 3. HP: 23/26 MP: 4/4
   688 | D:2      | Learned a level 3 spell: Vampiric Draining
  1212 | D:2      | Reached skill level 5 in Necromancy
  1421 | D:2      | Reached XP level 4. HP: 11/32 MP: 2/6
  1422 | D:2      | Reached skill level 1 in Unarmed Combat
  1518 | D:2      | Learned a level 3 spell: Regeneration
  2024 | D:3      | Found a basalt altar of Yredelemnul.
  2204 | D:3      | Reached XP level 5. HP: 26/39 MP: 4/7
  2475 | D:3      | Found a white marble altar of Elyvilon.
  2801 | D:4      | Reached skill level 1 in Fighting
  2839 | D:4      | Reached XP level 6. HP: 27/47 MP: 2/9
  2999 | D:4      | Found a staircase to the Ecumenical Temple.
  3031 | Temple   | Entered the Ecumenical Temple
  3049 | Temple   | Became a worshipper of Kikubaaqudgha
  3096 | D:4      | Noticed Natasha
  3108 | D:4      | Killed Natasha
  3210 | D:4      | Reached skill level 6 in Necromancy
  3244 | D:4      | Learned a level 4 spell: Animate Dead
  3342 | D:4      | Noticed Natasha
  3374 | D:4      | Killed Natasha
  3374 | D:4      | Reached XP level 7. HP: 24/52 MP: 4/11
  3481 | D:4      | Noticed Edmund
  4298 | D:4      | Killed Edmund
  4429 | D:4      | Noticed Natasha
  4544 | D:4      | Killed Natasha
  4703 | D:5      | Entered Level 5 of the Dungeon
  4849 | D:5      | Reached skill level 7 in Necromancy
  4985 | D:5      | Reached XP level 8. HP: 40/55 MP: 4/13
  5077 | D:5      | Found a glowing drain.
  5081 | Sewer    | Entered a sewer
  5191 | Sewer    | Reached * piety under Kikubaaqudgha
  5191 | Sewer    | Identified Kikubaaqudgha's Guide on Dark Rituals (Kikubaaqudgha gifted it to you in a sewer)
  5191 | Sewer    | Received a gift from Kikubaaqudgha
  5209 | Sewer    | Learned a level 2 spell: Corpse Rot
  5550 | Sewer    | Reached ** piety under Kikubaaqudgha
  5960 | D:5      | Noticed Grinder
  6235 | D:5      | Noticed Eustachio
  6551 | D:5      | Killed Eustachio
  6551 | D:5      | Reached skill level 5 in Unarmed Combat
  6657 | D:5      | Noticed Prince Ribbit
  6678 | D:5      | Killed Prince Ribbit
  6678 | D:5      | Reached skill level 8 in Necromancy
  6678 | D:5      | Reached XP level 9. HP: 51/68 MP: 3/15
  6874 | D:5      | Paralysed by Grinder for 3 turns
  6885 | D:5      | Paralysed by Grinder for 6 turns
  6897 | D:5      | Killed Grinder
  6897 | D:5      | Reached skill level 5 in Spellcasting
  7576 | D:6      | Learned a level 5 spell: Borgnjor's Vile Clutch
  7723 | D:6      | Noticed Sigmund
  7747 | D:6      | Killed Sigmund
  8179 | D:7      | Reached skill level 9 in Necromancy
  8427 | D:7      | Reached *** piety under Kikubaaqudgha
  8427 | D:7      | Identified Kikubaaqudgha's Almanac of Dark Arts (Kikubaaqudgha gifted it to you on level 7 of the Dungeon)
  8427 | D:7      | Received a gift from Kikubaaqudgha
  8492 | D:7      | Found a glowing silver altar of Zin.
  8777 | D:7      | Found a burning altar of Makhleb.
  9063 | D:8      | Noticed a two-headed ogre
  9223 | D:8      | Reached XP level 10. HP: 64/74 MP: 16/18
  9227 | D:8      | Learned a level 2 spell: Sticks to Snakes
  9251 | D:8      | Killed a two-headed ogre
  9251 | D:8      | Reached skill level 10 in Necromancy
  9966 | D:8      | Noticed a two-headed ogre
 10303 | D:8      | Found a sparkling altar of Nemelex Xobeh.
 10310 | D:8      | Found a snail-covered altar of Cheibriados.
 10313 | D:8      | Found a hide-covered altar of Uskayaw.
 10316 | D:8      | Found a shadowy altar of Dithmenos.
 10512 | D:9      | Reached skill level 1 in Transmutations
 10609 | D:9      | Found a roughly hewn altar of Beogh.
 10974 | D:9      | Reached **** piety under Kikubaaqudgha
 11185 | D:9      | Found a staircase to the Lair.
 11306 | D:9      | HP: 2/77 [orc wizard/magic dart (5)]
 11311 | Lair:1   | Entered Level 1 of the Lair of Beasts
 11943 | D:9      | Noticed tehanu's ghost (journeyman GrBe)
 12115 | D:10     | Entered Level 10 of the Dungeon
 12382 | D:10     | Noticed Maurice
 12906 | D:10     | Found a portal to a secret trove of treasure.
 12998 | D:10     | Reached skill level 11 in Necromancy
 12998 | D:10     | Reached XP level 11. HP: 61/79 MP: 20/20
 13001 | D:10     | Noticed Josephine
 13172 | D:10     | Noticed a two-headed ogre
 13763 | D:11     | Reached skill level 1 in Maces & Flails
 13889 | D:11     | Noticed a skeletal warrior
 14076 | D:10     | Killed Josephine
 14114 | D:11     | Mangled by a skeletal warrior

Skill      XL: |  1  2  3  4  5  6  7  8  9 10 11 |
---------------+----------------------------------+-----
Spellcasting   | 2 3 4 6 7 |  7.5
Dodging        | 2 3 4 |  4.7
Necromancy     | 5 6 7 8 9 11 | 11.3
Unarmed Combat | 1 2 3 5 6 7 |  7.6
Fighting       | 1 2 3 |  3.6
Transmutations | 1 2 |  2.0
Maces & Flails | 1 |  1.1
Stealth        | |  2.2
Charms         | |  0.8

Action                   |  1- 3 |  4- 6 |  7- 9 | 10-12 || total
-------------------------+-------+-------+-------+-------++-------
Melee: Unarmed           |   148 |   169 |   680 |   231 ||  1228
       Punch             |       |     1 |     9 |    12 ||    22
       Flail             |       |       |       |    54 ||    54
Throw: Javelin           |       |       |       |     2 ||     2
 Cast: Pain              |    28 |    49 |    97 |    64 ||   238
       Vampiric Draining |     2 |    15 |    40 |    44 ||   101
       Animate Dead      |       |     1 |    11 |    13 ||    25
       Regeneration      |       |     1 |     3 |     7 ||    11
       Corpse Rot        |       |       |     1 |       ||     1
       Sticks to Snakes  |       |       |       |    45 ||    45
Invok: Receive Corpses   |       |       |     2 |     5 ||     7
Evoke: Wand              |       |       |       |     1 ||     1
  Use: Scroll            |     2 |     1 |     5 |    11 ||    19
       Potion            |       |     3 |     1 |     9 ||    13
 Stab: Sleeping          |     3 |     4 |     5 |     6 ||    18
       Distracted        |     1 |       |       |       ||     1
  Eat: Chunk             |    14 |    16 |    32 |    22 ||    84
       Ration            |       |       |     1 |     4 ||     5
Armor: Robe              |    29 |    27 |   196 |    88 ||   340
Dodge: Dodged            |   100 |   123 |   584 |   284 ||  1091
